Tampa Bay Lightning vs Pittsburgh Penguins
(R1)
Created - Thursday, June 1, 2023 at 10:03
Goals
|
| Tampa Bay Lightning |
2 |
0 |
1 |
0 |
2 |
4 |
| Pittsburgh Penguins |
0 |
2 |
1 |
0 |
1 |
3 |
|
Shots
|
| Tampa Bay Lightning |
8 |
8 |
9 |
1 |
4 |
26 |
| Pittsburgh Penguins |
9 |
10 |
19 |
2 |
4 |
40 |
|
1st period
1. Tampa Bay Lightning , Roope Hintz 19 (Anze Kopitar 37, Vladislav Gavrikov 21) at 6:17 (PP)
2. Tampa Bay Lightning , Moritz Seider 3 (Kirill Kaprizov 46, Tomas Hertl 32) at 7:25 (PP)
Penalties :
Colton Sissons (PIT) for Fighting (Major) at 5:42, Darnell Nurse (TBL) for Fighting (Major) at 5:42, Colton Sissons (PIT) for instigated a fight (Minor) at 5:42, Colton Sissons (PIT) for instigated a fight (10 Minutes Misconduct) at 5:42, Ryan Suter (PIT) for Holding (Minor) at 7:18, Anders Lee (PIT) for Hooking (Minor) at 13:42, Leon Draisaitl (PIT) for Interference (Minor) at 17:01
2nd period
3. Pittsburgh Penguins , Jeff Carter 19 (Erik Karlsson 30, Ryan Johansen 33) at 5:59 (PP)
4. Pittsburgh Penguins , Ryan Johansen 33 (Anton Stralman 17, Leon Draisaitl 43) at 14:23
Penalties :
Tomas Hertl (TBL) for Hooking (Minor) at 5:30, Mattias Ekholm (PIT) for Holding Stick (Minor) at 7:53, Ryan Johansen (PIT) for Hooking (Minor) at 12:05, Moritz Seider (TBL) for Hooking (Minor) at 17:29
3rd period
5. Pittsburgh Penguins , Ryan Johansen 34 (Anders Lee 26) at 10:30
6. Tampa Bay Lightning , Roope Hintz 20 (Christian Dvorak 14, Dylan Cozens 16) at 16:45
Penalties :
Leon Draisaitl (PIT) for Tripping (Minor) at 0:22, Vladislav Gavrikov (TBL) for Roughing (Minor) at 12:35, Roope Hintz (TBL) for Slashing (Minor) at 19:53
Overtime #1
No Goal
Penalties :
Mike Smith (PIT) for Delaying the game (Minor) at 2:03 - Jean-Gabriel Pageau served the penalty
Shootout
Tampa Bay Lightning, Christian Dvorak - Shot Misses the Net
Pittsburgh Penguins, Leon Draisaitl - Shot Misses the Net
Tampa Bay Lightning, Anze Kopitar - Stopped by Mike Smith
Pittsburgh Penguins, Mitch Marner - Stopped by Jeremy Swayman
Tampa Bay Lightning, Kirill Kaprizov - Goal!
Pittsburgh Penguins, Pavel Buchnevich - Goal!
Tampa Bay Lightning, Johnny Gaudreau - Goal!
Pittsburgh Penguins, Ryan Johansen - Stopped by Jeremy Swayman
Penalties :
No Penalty
Goalie Stats
Jeremy Swayman (TBL), 37 saves from 40 shots - (0.925), W, 16-11-1, 65:00 minutes
Mike Smith (PIT), 23 saves from 26 shots - (0.885), OTL, 10-9-1, 65:00 minutes
Players Stats for Tampa Bay Lightning
Player Name G A P +/- PIM S H SB GA TA FO MP PP MP PK MP
------------------------------------------------------------------------------------
Alexander Kerfoot 0 0 0 -1 0 0 1 0 1 0 0/0 6:16 0:00 0:00
Alexander Romanov 0 0 0 0 0 0 1 5 0 1 0/0 15:45 0:33 4:10
Anze Kopitar 0 1 1 -1 0 3 1 0 1 1 9/27 23:45 4:46 3:20
Christian Dvorak 0 1 1 1 0 0 0 0 0 0 1/1 14:03 0:00 0:59
Connor Brown 0 0 0 0 0 1 1 0 0 0 0/1 14:26 0:08 0:59
Darnell Nurse 0 0 0 -1 5 0 0 0 0 2 0/0 26:23 5:32 2:16
Dylan Cozens 0 1 1 1 0 1 2 0 0 1 0/1 13:49 0:08 0:00
Gabriel Landeskog 0 0 0 -1 0 2 5 0 1 1 0/0 20:19 4:46 0:00
Hampus Lindholm 0 0 0 -1 0 2 0 1 0 0 0/0 15:14 4:31 0:00
Ivan Barbashev 0 0 0 -1 0 0 1 0 1 0 0/0 6:01 0:08 0:00
Johnny Gaudreau 0 0 0 0 0 3 1 0 2 0 0/0 18:06 5:43 0:00
Kirill Kaprizov 0 1 1 -1 0 3 1 0 2 0 2/4 20:12 5:43 0:42
Lars Eller 0 0 0 -1 0 0 0 1 0 0 0/1 7:21 0:00 1:36
Moritz Seider 1 0 1 1 2 4 1 2 0 0 0/0 26:18 5:26 1:17
Roope Hintz 2 0 2 1 2 4 1 1 1 0 1/8 17:00 4:46 0:00
Ryan Graves 0 0 0 0 0 0 0 2 0 1 0/0 23:15 3:58 2:16
Tomas Hertl 0 1 1 0 2 3 2 1 1 0 13/23 22:00 5:43 3:23
Vladislav Gavrikov 0 1 1 -1 2 0 2 3 0 1 0/0 23:16 1:14 2:53
Players Stats for Pittsburgh Penguins
Player Name G A P +/- PIM S H SB GA TA FO MP PP MP PK MP
------------------------------------------------------------------------------------
Anders Lee 0 1 1 1 2 1 0 0 0 1 0/1 13:52 1:46 0:12
Anton Stralman 0 1 1 0 0 0 1 3 0 1 0/0 27:09 2:52 6:26
Blake Coleman 0 0 0 0 0 3 2 0 0 0 0/0 12:02 0:00 0:03
Chris Tanev 0 0 0 1 0 1 0 1 0 0 0/0 13:11 0:00 0:00
Colton Sissons 0 0 0 -1 17 1 0 0 0 0 3/4 6:30 0:00 0:00
Erik Gudbranson 0 0 0 -1 0 0 3 0 0 0 0/0 8:45 0:00 0:18
Erik Karlsson 0 1 1 0 0 2 1 0 1 1 0/0 24:40 1:41 6:10
Jean-Gabriel Pageau 0 0 0 0 0 4 1 0 1 1 8/12 14:50 0:00 1:05
Jeff Carter 1 0 1 1 0 4 1 1 0 0 0/1 13:35 1:46 0:00
Jordan Eberle 0 0 0 -1 0 1 1 0 0 0 1/1 10:21 0:00 1:52
Leon Draisaitl 0 1 1 1 4 5 0 0 0 1 13/19 21:10 2:47 4:30
Mattias Ekholm 0 0 0 0 2 0 0 0 1 1 0/0 23:26 1:41 4:49
Mitch Marner 0 0 0 1 0 2 3 1 2 0 3/3 22:42 2:47 6:06
Pavel Buchnevich 0 0 0 0 0 0 3 0 0 2 0/8 21:48 2:47 5:18
Reilly Smith 0 0 0 0 0 6 1 0 1 0 0/0 12:13 0:00 0:00
Ryan Johansen 2 1 3 2 2 8 0 0 1 0 12/17 19:41 1:46 4:07
Ryan Suter 0 0 0 0 2 2 1 1 1 1 0/0 27:01 2:52 6:19
T.J. Brodie 0 0 0 1 0 0 0 2 0 1 0/0 14:21 0:00 1:10
3 Stars
1 - Ryan Johansen (PIT)
2 - Roope Hintz (TBL)
3 - Jeff Carter (PIT)
Power Play
Tampa Bay Lightning - 2 on 8 Attempt(s) - 25.00%
Pittsburgh Penguins - 1 on 4 Attempt(s) - 25.00%
Penalty Kill
Tampa Bay Lightning - 3 on 4 Attempt(s) - 75.00%
- Score 0 goal in Penalty Kill
Pittsburgh Penguins - 6 on 8 Attempt(s) - 75.00%
- Score 0 goal in Penalty Kill
Team Stat
Tampa Bay Lightning - Hits : 20 - Faceoff Wins : 26 - Blocked Shots : 16 - Penalty Minutes : 13
Pittsburgh Penguins - Hits : 18 - Faceoff Wins : 40 - Blocked Shots : 9 - Penalty Minutes : 31
Official
Referees : Gord Dwyer and Dan O'Halloran
Linesman : Vaughan Rody and Devin Berg
Game Notes
Colton Sissons beats up Darnell Nurse at 5:42 of 1st period
Finance
Level 1 -- Attendance: 5117 (85.28%) -- Ticket Income $511,700
Level 2 -- Attendance: 3749 (74.98%) -- Ticket Income $224,940
Level 3 -- Attendance: 2265 (75.50%) -- Ticket Income $79,275
Level 4 -- Attendance: 3734 (74.68%) -- Ticket Income $93,350
Luxury Box -- Attendance: 851 (85.10%) -- Ticket Income $170,200
Game was played at the Consol Energy Center.
Total Attendance: 15716 (78.58%)
Total Ticket Income: $1,079,465
Other Income: $377,813
Total Income: $1,457,278
Tampa Bay Lightning
5 vs 5 Forward
Center Left Wing Right Wing Time % Phy DF OF
1 Anze Kopitar Gabriel Landeskog Kirill Kaprizov 35 1 2 2
2 Tomas Hertl Johnny Gaudreau Connor Brown 32 1 2 2
3 Roope Hintz Christian Dvorak Dylan Cozens 28 1 2 2
4 Lars Eller Alexander Kerfoot Ivan Barbashev 5 1 2 2
5 vs 5 Defense
Defense Defense Time % Phy DF OF
1 Darnell Nurse Vladislav Gavrikov 40 1 2 2
2 Moritz Seider Ryan Graves 35 1 2 2
3 Hampus Lindholm Alexander Romanov 25 1 2 2
4 Darnell Nurse Vladislav Gavrikov 0 1 2 2
PowerPlay Forward
Center Left Wing Right Wing Time % Phy DF OF
1 Tomas Hertl Johnny Gaudreau Kirill Kaprizov 60 1 2 2
2 Anze Kopitar Roope Hintz Gabriel Landeskog 40 1 2 2
PowerPlay Defense
Defense Defense Time % Phy DF OF
1 Moritz Seider Darnell Nurse 60 1 2 2
2 Hampus Lindholm Ryan Graves 40 1 2 2
Penalty Kill 4 Players Forward
Center Wing Time % Phy DF OF
1 Anze Kopitar Tomas Hertl 60 1 2 2
2 Christian Dvorak Connor Brown 40 1 2 2
Penalty Kill 4 Players Defense
Defense Defense Time % Phy DF OF
1 Alexander Romanov Vladislav Gavrikov 60 1 2 2
2 Ryan Graves Darnell Nurse 40 1 2 2
Penalty Kill - 3 Players Forward
Forward Time % Phy DF OF
1 Tomas Hertl 60 1 2 2
2 Anze Kopitar 40 1 2 2
Penalty Kill - 3 Players Defense
Defense Defense Time % Phy DF OF
1 Alexander Romanov Vladislav Gavrikov 60 1 2 2
2 Ryan Graves Darnell Nurse 40 1 2 2
4 vs 4 Forward
Center Wing Time % Phy DF OF
1 Anze Kopitar Gabriel Landeskog 60 1 2 2
2 Tomas Hertl Connor Brown 40 1 2 2
4 vs 4 Defense
Defense Defense Time % Phy DF OF
1 Darnell Nurse Vladislav Gavrikov 60 1 2 2
2 Moritz Seider Ryan Graves 40 1 2 2
Last Minutes Offensive
Center Left Wing Right Wing Defense Defense
Anze Kopitar Gabriel Landeskog Kirill Kaprizov Darnell Nurse Moritz Seider
Last Minutes Defensive
Center Left Wing Right Wing Defense Defense
Anze Kopitar Tomas Hertl Connor Brown Darnell Nurse Vladislav Gavrikov
Goaltenders
Starting : Jeremy Swayman
Backup : Darcy Kuemper
Extra Forwards
Normal : Kirill Kaprizov, Gabriel Landeskog, Dylan Cozens - PP : Dylan Cozens, Ivan Barbashev - PK : Lars Eller
Extra Defensemen
Normal : Moritz Seider, Darnell Nurse, Hampus Lindholm - PP : Vladislav Gavrikov - PK : Moritz Seider, Hampus Lindholm
Penalty Shots
Christian Dvorak, Anze Kopitar, Kirill Kaprizov, Johnny Gaudreau, Alexander Kerfoot
Pittsburgh Penguins
5 vs 5 Forward
Center Left Wing Right Wing Time % Phy DF OF
1 Leon Draisaitl Mitch Marner Pavel Buchnevich 30 1 2 2
2 Ryan Johansen Anders Lee Jeff Carter 30 1 2 2
3 Jean-Gabriel Pageau Blake Coleman Reilly Smith 25 1 2 2
4 Colton Sissons Erik Gudbranson Jordan Eberle 15 1 2 2
5 vs 5 Defense
Defense Defense Time % Phy DF OF
1 Mattias Ekholm Erik Karlsson 35 1 2 2
2 Ryan Suter Anton Stralman 35 1 2 2
3 Chris Tanev T.J. Brodie 30 1 2 2
4 Mattias Ekholm Erik Karlsson 0 1 2 2
PowerPlay Forward
Center Left Wing Right Wing Time % Phy DF OF
1 Leon Draisaitl Mitch Marner Pavel Buchnevich 50 1 2 2
2 Ryan Johansen Anders Lee Jeff Carter 50 1 2 2
PowerPlay Defense
Defense Defense Time % Phy DF OF
1 Mattias Ekholm Erik Karlsson 50 1 2 2
2 Ryan Suter Anton Stralman 50 1 2 2
Penalty Kill 4 Players Forward
Center Wing Time % Phy DF OF
1 Leon Draisaitl Mitch Marner 50 1 2 2
2 Pavel Buchnevich Ryan Johansen 50 1 2 2
Penalty Kill 4 Players Defense
Defense Defense Time % Phy DF OF
1 Mattias Ekholm Erik Karlsson 50 1 2 2
2 Ryan Suter Anton Stralman 50 1 2 2
Penalty Kill - 3 Players Forward
Forward Time % Phy DF OF
1 Leon Draisaitl 50 1 2 2
2 Mitch Marner 50 1 2 2
Penalty Kill - 3 Players Defense
Defense Defense Time % Phy DF OF
1 Mattias Ekholm Erik Karlsson 50 1 2 2
2 Ryan Suter Anton Stralman 50 1 2 2
4 vs 4 Forward
Center Wing Time % Phy DF OF
1 Leon Draisaitl Mitch Marner 50 1 2 2
2 Pavel Buchnevich Ryan Johansen 50 1 2 2
4 vs 4 Defense
Defense Defense Time % Phy DF OF
1 Mattias Ekholm Erik Karlsson 50 1 2 2
2 Ryan Suter Anton Stralman 50 1 2 2
Last Minutes Offensive
Center Left Wing Right Wing Defense Defense
Leon Draisaitl Mitch Marner Pavel Buchnevich Mattias Ekholm Erik Karlsson
Last Minutes Defensive
Center Left Wing Right Wing Defense Defense
Leon Draisaitl Mitch Marner Pavel Buchnevich Mattias Ekholm Erik Karlsson
Goaltenders
Starting : Mike Smith
Backup : Jonathan Quick
Extra Forwards
Normal : Jean-Gabriel Pageau, Reilly Smith, Jordan Eberle - PP : Jean-Gabriel Pageau, Reilly Smith - PK : Jordan Eberle
Extra Defensemen
Normal : Chris Tanev, T.J. Brodie, Erik Gudbranson - PP : Chris Tanev - PK : T.J. Brodie, Erik Gudbranson
Penalty Shots
Leon Draisaitl, Mitch Marner, Pavel Buchnevich, Ryan Johansen, Jeff Carter
% Time on Ice - Tampa Bay Lightning
Lines # - Real PCT - Wanted PCT - Time Play
Normal Forward
1 - 30% - 35% - 13:29
2 - 29% - 32% - 12:49
3 - 29% - 28% - 12:50
4 - 13% - 5% - 5:42
Normal Defense
1 - 42% - 40% - 18:50
2 - 35% - 35% - 15:36
3 - 23% - 25% - 10:24
4 - 0% - 0% - 0:00
PP Forward
1 - 55% - 60% - 5:51
2 - 45% - 40% - 4:46
PP Defense
1 - 57% - 60% - 6:06
2 - 43% - 40% - 4:31
PK Forward
1 - 78% - 60% - 3:34
2 - 22% - 40% - 0:59
PK Defense
1 - 68% - 60% - 3:07
2 - 32% - 40% - 1:26
PK3 Forward
1 - 78% - 60% - 1:28
2 - 22% - 40% - 0:25
PK3 Defense
1 - 56% - 60% - 1:03
2 - 44% - 40% - 0:50
44 Forward
1 - 83% - 60% - 2:35
2 - 17% - 40% - 0:32
44 Defense
1 - 59% - 60% - 1:51
2 - 41% - 40% - 1:16
Last Minute Offensive - 0:00
Last Minute Defensive - 0:00
Total
Forward - 65:00
Defense - 65:00
|
% Time on Ice - Pittsburgh Penguins
Lines # - Real PCT - Wanted PCT - Time Play
Normal Forward
1 - 28% - 30% - 12:22
2 - 27% - 30% - 12:12
3 - 27% - 25% - 11:53
4 - 19% - 15% - 8:23
Normal Defense
1 - 34% - 35% - 15:18
2 - 36% - 35% - 16:21
3 - 29% - 30% - 13:11
4 - 0% - 0% - 0:00
PP Forward
1 - 61% - 50% - 2:47
2 - 39% - 50% - 1:46
PP Defense
1 - 37% - 50% - 1:41
2 - 63% - 50% - 2:52
PK Forward
1 - 52% - 50% - 5:30
2 - 48% - 50% - 5:07
PK Defense
1 - 49% - 50% - 5:11
2 - 51% - 50% - 5:26
PK3 Forward
1 - 59% - 50% - 1:10
2 - 41% - 50% - 0:49
PK3 Defense
1 - 50% - 50% - 0:59
2 - 50% - 50% - 1:00
44 Forward
1 - 49% - 50% - 1:28
2 - 51% - 50% - 1:33
44 Defense
1 - 50% - 50% - 1:31
2 - 50% - 50% - 1:30
Last Minute Offensive - 0:00
Last Minute Defensive - 0:00
Total
Forward - 65:00
Defense - 65:00
|
Play-by-Play
1st period
0:01 of 1st period - Leon Draisaitl wins face-off versus Anze Kopitar in neutral zone.
0:51 of 1st period - Backhand shot by Roope Hintz.
0:51 of 1st period - Shot Misses the Net.
2:02 of 1st period - Wrist shot by Tomas Hertl.
2:02 of 1st period - Shot Misses the Net.
2:22 of 1st period - Off-side.
2:23 of 1st period - Roope Hintz wins face-off versus Leon Draisaitl in neutral zone.
2:52 of 1st period - Wrist shot by Kirill Kaprizov.
2:52 of 1st period - Shot Misses the Net.
2:54 of 1st period - Wrist shot by Anze Kopitar.
2:54 of 1st period - Deflect By Erik Karlsson.
2:54 of 1st period - Shot Hit the Post.
2:54 of 1st period - Puck is out of play.
2:55 of 1st period - Ryan Johansen wins face-off versus Tomas Hertl in Pittsburgh Penguins zone.
2:59 of 1st period - Off-side.
3:00 of 1st period - Tomas Hertl wins face-off versus Ryan Johansen in neutral zone.
3:36 of 1st period - Snap shot by Anze Kopitar.
3:36 of 1st period - Stopped by Mike Smith with a rebound.
3:58 of 1st period - Chris Tanev is hit by Ivan Barbashev and loses puck.
4:13 of 1st period - Snap shot by Reilly Smith.
4:13 of 1st period - Stopped by Jeremy Swayman with a rebound.
4:15 of 1st period - Slapshot by Reilly Smith.
4:15 of 1st period - Stopped by Jeremy Swayman with a rebound.
4:17 of 1st period - Snap shot by T.J. Brodie.
4:17 of 1st period - Shot Misses the Net.
4:19 of 1st period - Backhand shot by Chris Tanev.
4:19 of 1st period - Deflect By Vladislav Gavrikov.
4:19 of 1st period - Stopped by Jeremy Swayman without a rebound.
4:20 of 1st period - Leon Draisaitl wins face-off versus Kirill Kaprizov in Tampa Bay Lightning zone.
4:27 of 1st period - Slapshot by Kirill Kaprizov.
4:27 of 1st period - Shot Misses the Net.
4:50 of 1st period - Wrist shot by Jeff Carter.
4:50 of 1st period - Shot Blocked by Ryan Graves.
4:52 of 1st period - Wrist shot by Ryan Johansen.
4:52 of 1st period - Shot Misses the Net.
4:54 of 1st period - Slapshot by Anton Stralman.
4:54 of 1st period - Shot Blocked by Ryan Graves.
4:56 of 1st period - Slapshot by Ryan Suter.
4:56 of 1st period - Stopped by Jeremy Swayman with a rebound.
5:34 of 1st period - Slapshot by Jordan Eberle.
5:34 of 1st period - Stopped by Jeremy Swayman with a rebound.
5:42 of 1st period - Colton Sissons beats up Darnell Nurse.
5:42 of 1st period - Penalty to Colton Sissons for Fighting.
5:42 of 1st period - Penalty to Darnell Nurse for Fighting.
5:42 of 1st period - Penalty to Colton Sissons for instigated a fight.
5:42 of 1st period - Penalty to Colton Sissons for instigated a fight.
5:43 of 1st period - Leon Draisaitl wins face-off versus Tomas Hertl in neutral zone.
6:09 of 1st period - Vladislav Gavrikov is hit by Erik Karlsson.
6:15 of 1st period - Snap shot by Anze Kopitar.
6:15 of 1st period - Shot Misses the Net.
6:17 of 1st period - Wrist shot by Roope Hintz.
6:17 of 1st period - Goal by Roope Hintz - Tampa Bay Lightning : 1 - Pittsburgh Penguins : 0.
6:18 of 1st period - Leon Draisaitl wins face-off versus Tomas Hertl in neutral zone.
6:21 of 1st period - Tomas Hertl is hit by Mitch Marner and loses puck.
6:28 of 1st period - Snap shot by Leon Draisaitl.
6:28 of 1st period - Stopped by Jeremy Swayman without a rebound.
6:29 of 1st period - Ryan Johansen wins face-off versus Roope Hintz in Tampa Bay Lightning zone.
6:42 of 1st period - Snap shot by Roope Hintz.
6:42 of 1st period - Stopped by Mike Smith with a rebound.
6:44 of 1st period - Snap shot by Hampus Lindholm.
6:44 of 1st period - Stopped by Mike Smith without a rebound.
6:45 of 1st period - Leon Draisaitl wins face-off versus Tomas Hertl in Pittsburgh Penguins zone.
6:53 of 1st period - Off-side.
6:54 of 1st period - Leon Draisaitl wins face-off versus Tomas Hertl in neutral zone.
7:18 of 1st period - Minor Penalty to Ryan Suter for Holding.
7:19 of 1st period - Tomas Hertl wins face-off versus Pavel Buchnevich in Pittsburgh Penguins zone.
7:23 of 1st period - Snap shot by Kirill Kaprizov.
7:23 of 1st period - Shot Blocked by Anton Stralman.
7:25 of 1st period - Slapshot by Moritz Seider.
7:25 of 1st period - Goal by Moritz Seider - Tampa Bay Lightning : 2 - Pittsburgh Penguins : 0.
7:26 of 1st period - Ryan Johansen wins face-off versus Anze Kopitar in neutral zone.
8:21 of 1st period - Snap shot by Mitch Marner.
8:21 of 1st period - Shot Misses the Net.
8:43 of 1st period - Snap shot by Ivan Barbashev.
8:43 of 1st period - Shot Misses the Net.
9:15 of 1st period - Alexander Romanov is hit by Anton Stralman and loses puck.
9:56 of 1st period - Slapshot by Reilly Smith.
9:56 of 1st period - Shot Misses the Net.
9:58 of 1st period - Wrist shot by Blake Coleman.
9:58 of 1st period - Stopped by Jeremy Swayman without a rebound.
9:59 of 1st period - Anze Kopitar wins face-off versus Jean-Gabriel Pageau in Tampa Bay Lightning zone.
10:04 of 1st period - T.J. Brodie is hit by Gabriel Landeskog and loses puck.
10:45 of 1st period - Wrist shot by Tomas Hertl.
10:45 of 1st period - Shot Misses the Net.
10:47 of 1st period - Slapshot by Moritz Seider.
10:47 of 1st period - Deflect By Tomas Hertl.
10:47 of 1st period - Shot Misses the Net.
10:47 of 1st period - Puck is out of play.
10:48 of 1st period - Anze Kopitar wins face-off versus Jeff Carter in Pittsburgh Penguins zone.
11:05 of 1st period - Wrist shot by Kirill Kaprizov.
11:05 of 1st period - Shot Misses the Net.
11:16 of 1st period - Off-side.
11:17 of 1st period - Jean-Gabriel Pageau wins face-off versus Roope Hintz in neutral zone.
11:34 of 1st period - Blake Coleman is hit by Dylan Cozens and loses puck.
11:51 of 1st period - Wrist shot by Dylan Cozens.
11:51 of 1st period - Stopped by Mike Smith without a rebound.
11:52 of 1st period - Mitch Marner wins face-off versus Anze Kopitar in Pittsburgh Penguins zone.
11:59 of 1st period - Moritz Seider is hit by Pavel Buchnevich and loses puck.
12:31 of 1st period - Snap shot by Ryan Johansen.
12:31 of 1st period - Stopped by Jeremy Swayman with a rebound.
12:41 of 1st period - Ryan Graves is hit by Erik Gudbranson and loses puck.
13:06 of 1st period - Backhand shot by Dylan Cozens.
13:06 of 1st period - Shot Misses the Net.
13:08 of 1st period - Backhand shot by Ryan Graves.
13:08 of 1st period - Shot Blocked by Anton Stralman.
13:10 of 1st period - Snap shot by Roope Hintz.
13:10 of 1st period - Stopped by Mike Smith with a rebound.
13:24 of 1st period - Slapshot by Kirill Kaprizov.
13:24 of 1st period - Shot Misses the Net.
13:26 of 1st period - Snap shot by Ryan Graves.
13:26 of 1st period - Shot Blocked by Chris Tanev.
13:28 of 1st period - Wrist shot by Gabriel Landeskog.
13:28 of 1st period - Shot Blocked by Jeff Carter.
13:30 of 1st period - Slapshot by Moritz Seider.
13:30 of 1st period - Shot Misses the Net.
13:32 of 1st period - Snap shot by Moritz Seider.
13:32 of 1st period - Stopped by Mike Smith with a rebound.
13:34 of 1st period - Slapshot by Moritz Seider.
13:34 of 1st period - Shot Misses the Net.
13:36 of 1st period - Snap shot by Ryan Graves.
13:36 of 1st period - Shot Blocked by T.J. Brodie.
13:42 of 1st period - Minor Penalty to Anders Lee for Hooking.
13:43 of 1st period - Leon Draisaitl wins face-off versus Tomas Hertl in Pittsburgh Penguins zone.
13:43 of 1st period - Leon Draisaitl is hit by Vladislav Gavrikov.
15:42 of 1st period - Penalty to Anders Lee is over, Anders Lee is back on ice.
16:34 of 1st period - Wrist shot by Jean-Gabriel Pageau.
16:34 of 1st period - Stopped by Jeremy Swayman without a rebound.
16:35 of 1st period - Tomas Hertl wins face-off versus Ryan Johansen in Tampa Bay Lightning zone.
16:50 of 1st period - Snap shot by Jeff Carter.
16:50 of 1st period - Shot Misses the Net.
17:01 of 1st period - Minor Penalty to Leon Draisaitl for Interference.
17:02 of 1st period - Tomas Hertl wins face-off versus Pavel Buchnevich in Pittsburgh Penguins zone.
17:27 of 1st period - Ryan Suter is hit by Anze Kopitar and loses puck.
19:01 of 1st period - Penalty to Leon Draisaitl is over, Leon Draisaitl is back on ice.
Goals for this period are 2 for Tampa Bay Lightning vs 0 for Pittsburgh Penguins.
Shots for this period are 8 for Tampa Bay Lightning vs 9 for Pittsburgh Penguins.
2nd period
0:01 of 2nd period - Leon Draisaitl wins face-off versus Anze Kopitar in neutral zone.
0:26 of 2nd period - Reilly Smith is hit by Tomas Hertl and loses puck.
0:42 of 2nd period - 10 Minutes Misconduct Penalty to Colton Sissons is over.
1:09 of 2nd period - Mitch Marner is hit by Gabriel Landeskog and loses puck.
3:24 of 2nd period - Wrist shot by Anze Kopitar.
3:24 of 2nd period - Shot Misses the Net.
3:30 of 2nd period - Snap shot by Kirill Kaprizov.
3:30 of 2nd period - Shot Misses the Net.
3:54 of 2nd period - Snap shot by Reilly Smith.
3:54 of 2nd period - Deflect By Alexander Romanov.
3:54 of 2nd period - Stopped by Jeremy Swayman with a rebound.
4:32 of 2nd period - Mattias Ekholm is hit by Alexander Kerfoot and loses puck.
4:37 of 2nd period - Slapshot by Ivan Barbashev.
4:37 of 2nd period - Shot Misses the Net.
4:57 of 2nd period - T.J. Brodie is hit by Gabriel Landeskog and loses puck.
5:30 of 2nd period - Minor Penalty to Tomas Hertl for Hooking.
5:31 of 2nd period - Ryan Johansen wins face-off versus Anze Kopitar in Tampa Bay Lightning zone.
5:34 of 2nd period - Wrist shot by Ryan Johansen.
5:34 of 2nd period - Shot Blocked by Lars Eller.
5:43 of 2nd period - Icing by Anders Lee.
5:44 of 2nd period - Ryan Johansen wins face-off versus Anze Kopitar in Pittsburgh Penguins zone.
5:55 of 2nd period - Snap shot by Jeff Carter.
5:55 of 2nd period - Shot Misses the Net.
5:57 of 2nd period - Slapshot by Erik Karlsson.
5:57 of 2nd period - Shot Blocked by Vladislav Gavrikov.
5:59 of 2nd period - Wrist shot by Jeff Carter.
5:59 of 2nd period - Goal by Jeff Carter - Tampa Bay Lightning : 2 - Pittsburgh Penguins : 1.
6:00 of 2nd period - Leon Draisaitl wins face-off versus Anze Kopitar in neutral zone.
6:05 of 2nd period - Wrist shot by Leon Draisaitl.
6:05 of 2nd period - Shot Misses the Net.
6:07 of 2nd period - Wrist shot by Pavel Buchnevich.
6:07 of 2nd period - Shot Blocked by Vladislav Gavrikov.
6:56 of 2nd period - Off-side.
6:57 of 2nd period - Mitch Marner wins face-off versus Anze Kopitar in neutral zone.
7:23 of 2nd period - Snap shot by Anze Kopitar.
7:23 of 2nd period - Deflect By Tomas Hertl.
7:23 of 2nd period - Stopped by Mike Smith with a rebound.
7:25 of 2nd period - Snap shot by Johnny Gaudreau.
7:25 of 2nd period - Stopped by Mike Smith with a rebound.
7:27 of 2nd period - Wrist shot by Connor Brown.
7:27 of 2nd period - Stopped by Mike Smith without a rebound.
7:28 of 2nd period - Ryan Johansen wins face-off versus Tomas Hertl in Pittsburgh Penguins zone.
7:51 of 2nd period - Wrist shot by Johnny Gaudreau.
7:51 of 2nd period - Shot Misses the Net.
7:53 of 2nd period - Minor Penalty to Mattias Ekholm for Holding Stick.
7:54 of 2nd period - Tomas Hertl wins face-off versus Pavel Buchnevich in Pittsburgh Penguins zone.
8:25 of 2nd period - Snap shot by Kirill Kaprizov.
8:25 of 2nd period - Stopped by Mike Smith with a rebound.
9:48 of 2nd period - Ryan Johansen is hit by Connor Brown and loses puck.
9:53 of 2nd period - Penalty to Mattias Ekholm is over, Mattias Ekholm is back on ice.
10:33 of 2nd period - Snap shot by Colton Sissons.
10:33 of 2nd period - Stopped by Jeremy Swayman without a rebound.
10:34 of 2nd period - Colton Sissons wins face-off versus Roope Hintz in Tampa Bay Lightning zone.
10:37 of 2nd period - Snap shot by Colton Sissons.
10:37 of 2nd period - Shot Misses the Net.
11:03 of 2nd period - Snap shot by Jordan Eberle.
11:03 of 2nd period - Deflect By Colton Sissons.
11:03 of 2nd period - Shot Blocked by Moritz Seider.
11:03 of 2nd period - Puck is out of play.
11:04 of 2nd period - Tomas Hertl wins face-off versus Jean-Gabriel Pageau in Tampa Bay Lightning zone.
11:21 of 2nd period - Mattias Ekholm is hit by Johnny Gaudreau and loses puck.
11:52 of 2nd period - Snap shot by Ryan Johansen.
11:52 of 2nd period - Stopped by Jeremy Swayman with a rebound.
12:05 of 2nd period - Minor Penalty to Ryan Johansen for Hooking.
12:06 of 2nd period - Tomas Hertl wins face-off versus Pavel Buchnevich in Pittsburgh Penguins zone.
12:22 of 2nd period - Snap shot by Kirill Kaprizov.
12:22 of 2nd period - Shot Blocked by Ryan Suter.
12:53 of 2nd period - Icing by Tomas Hertl.
12:54 of 2nd period - Tomas Hertl wins face-off versus Pavel Buchnevich in Tampa Bay Lightning zone.
13:15 of 2nd period - Wrist shot by Roope Hintz.
13:15 of 2nd period - Shot Misses the Net.
13:17 of 2nd period - Wrist shot by Anze Kopitar.
13:17 of 2nd period - Shot Misses the Net.
13:21 of 2nd period - Wrist shot by Gabriel Landeskog.
13:21 of 2nd period - Stopped by Mike Smith with a rebound.
13:23 of 2nd period - Snap shot by Moritz Seider.
13:23 of 2nd period - Deflect By Anze Kopitar.
13:23 of 2nd period - Stopped by Mike Smith without a rebound.
13:24 of 2nd period - Tomas Hertl wins face-off versus Pavel Buchnevich in Pittsburgh Penguins zone.
14:05 of 2nd period - Penalty to Ryan Johansen is over, Ryan Johansen is back on ice.
14:19 of 2nd period - Snap shot by Mitch Marner.
14:19 of 2nd period - Deflect By Leon Draisaitl.
14:19 of 2nd period - Stopped by Jeremy Swayman with a rebound.
14:21 of 2nd period - Backhand shot by Anton Stralman.
14:21 of 2nd period - Shot Blocked by Hampus Lindholm.
14:23 of 2nd period - Slapshot by Ryan Johansen.
14:23 of 2nd period - Goal by Ryan Johansen - Tampa Bay Lightning : 2 - Pittsburgh Penguins : 2.
14:24 of 2nd period - Ryan Johansen wins face-off versus Anze Kopitar in neutral zone.
15:04 of 2nd period - Ryan Graves is hit by Jean-Gabriel Pageau and loses puck.
15:15 of 2nd period - Chris Tanev is hit by Dylan Cozens and loses puck.
15:38 of 2nd period - Snap shot by Gabriel Landeskog.
15:38 of 2nd period - Deflect By Colton Sissons.
15:38 of 2nd period - Shot Blocked by T.J. Brodie.
15:38 of 2nd period - Puck is out of play.
15:39 of 2nd period - Anze Kopitar wins face-off versus Colton Sissons in Pittsburgh Penguins zone.
15:50 of 2nd period - Anze Kopitar is hit by Jordan Eberle and loses puck.
16:15 of 2nd period - Wrist shot by Colton Sissons.
16:15 of 2nd period - Shot Misses the Net.
16:17 of 2nd period - Snap shot by Colton Sissons.
16:17 of 2nd period - Shot Misses the Net.
16:19 of 2nd period - Slapshot by Anton Stralman.
16:19 of 2nd period - Deflect By Colton Sissons.
16:19 of 2nd period - Shot Misses the Net.
16:19 of 2nd period - Puck is out of play.
16:20 of 2nd period - Tomas Hertl wins face-off versus Leon Draisaitl in Tampa Bay Lightning zone.
16:20 of 2nd period - Tomas Hertl is hit by Mitch Marner.
16:34 of 2nd period - Snap shot by Johnny Gaudreau.
16:34 of 2nd period - Stopped by Mike Smith with a rebound.
16:46 of 2nd period - Vladislav Gavrikov is hit by Jeff Carter and loses puck.
17:27 of 2nd period - Wrist shot by Ryan Johansen.
17:27 of 2nd period - Shot Blocked by Roope Hintz.
17:29 of 2nd period - Minor Penalty to Moritz Seider for Hooking.
17:30 of 2nd period - Leon Draisaitl wins face-off versus Anze Kopitar in Tampa Bay Lightning zone.
17:35 of 2nd period - Snap shot by Mitch Marner.
17:35 of 2nd period - Shot Misses the Net.
17:37 of 2nd period - Wrist shot by Mitch Marner.
17:37 of 2nd period - Stopped by Jeremy Swayman with a rebound.
17:39 of 2nd period - Snap shot by Pavel Buchnevich.
17:39 of 2nd period - Shot Misses the Net.
17:41 of 2nd period - Backhand shot by Leon Draisaitl.
17:41 of 2nd period - Shot Misses the Net.
17:43 of 2nd period - Slapshot by Ryan Suter.
17:43 of 2nd period - Shot Blocked by Alexander Romanov.
19:20 of 2nd period - Wrist shot by Leon Draisaitl.
19:20 of 2nd period - Stopped by Jeremy Swayman with a rebound.
19:22 of 2nd period - Snap shot by Pavel Buchnevich.
19:22 of 2nd period - Shot Blocked by Alexander Romanov.
19:24 of 2nd period - Snap shot by Mitch Marner.
19:24 of 2nd period - Stopped by Jeremy Swayman with a rebound.
19:26 of 2nd period - Snap shot by Pavel Buchnevich.
19:26 of 2nd period - Shot Blocked by Alexander Romanov.
19:29 of 2nd period - Penalty to Moritz Seider is over, Moritz Seider is back on ice.
19:42 of 2nd period - Snap shot by Leon Draisaitl.
19:42 of 2nd period - Stopped by Jeremy Swayman without a rebound.
19:43 of 2nd period - Jean-Gabriel Pageau wins face-off versus Lars Eller in Tampa Bay Lightning zone.
19:51 of 2nd period - Slapshot by Moritz Seider.
19:51 of 2nd period - Stopped by Mike Smith with a rebound.
Goals for this period are 0 for Tampa Bay Lightning vs 2 for Pittsburgh Penguins.
Shots for this period are 8 for Tampa Bay Lightning vs 10 for Pittsburgh Penguins.
3rd period
0:01 of 3rd period - Anze Kopitar wins face-off versus Leon Draisaitl in neutral zone.
0:04 of 3rd period - Slapshot by Vladislav Gavrikov.
0:04 of 3rd period - Deflect By Gabriel Landeskog.
0:04 of 3rd period - Stopped by Mike Smith with a rebound.
0:06 of 3rd period - Snap shot by Kirill Kaprizov.
0:06 of 3rd period - Stopped by Mike Smith with a rebound.
0:08 of 3rd period - Slapshot by Gabriel Landeskog.
0:08 of 3rd period - Shot Misses the Net.
0:12 of 3rd period - Wrist shot by Kirill Kaprizov.
0:12 of 3rd period - Shot Misses the Net.
0:14 of 3rd period - Wrist shot by Gabriel Landeskog.
0:14 of 3rd period - Shot Misses the Net.
0:22 of 3rd period - Minor Penalty to Leon Draisaitl for Tripping.
0:23 of 3rd period - Tomas Hertl wins face-off versus Pavel Buchnevich in Pittsburgh Penguins zone.
0:40 of 3rd period - Wrist shot by Johnny Gaudreau.
0:40 of 3rd period - Stopped by Mike Smith with a rebound.
0:50 of 3rd period - Mattias Ekholm is hit by Gabriel Landeskog and loses puck.
0:59 of 3rd period - Wrist shot by Gabriel Landeskog.
0:59 of 3rd period - Shot Misses the Net.
1:01 of 3rd period - Slapshot by Hampus Lindholm.
1:01 of 3rd period - Stopped by Mike Smith with a rebound.
2:22 of 3rd period - Penalty to Leon Draisaitl is over, Leon Draisaitl is back on ice.
3:29 of 3rd period - Hampus Lindholm is hit by Reilly Smith and loses puck.
3:44 of 3rd period - Anton Stralman is hit by Alexander Romanov and loses puck.
4:11 of 3rd period - Lars Eller is hit by Pavel Buchnevich and loses puck.
4:26 of 3rd period - Slapshot by Ryan Johansen.
4:26 of 3rd period - Stopped by Jeremy Swayman with a rebound.
6:43 of 3rd period - Anders Lee is hit by Tomas Hertl and loses puck.
6:56 of 3rd period - Vladislav Gavrikov is hit by Blake Coleman and loses puck.
7:01 of 3rd period - Snap shot by Reilly Smith.
7:01 of 3rd period - Stopped by Jeremy Swayman without a rebound.
7:02 of 3rd period - Anze Kopitar wins face-off versus Leon Draisaitl in Tampa Bay Lightning zone.
7:39 of 3rd period - Wrist shot by Jeff Carter.
7:39 of 3rd period - Stopped by Jeremy Swayman with a rebound.
7:41 of 3rd period - Wrist shot by Jeff Carter.
7:41 of 3rd period - Stopped by Jeremy Swayman with a rebound.
7:43 of 3rd period - Slapshot by Ryan Johansen.
7:43 of 3rd period - Deflect By Jeff Carter.
7:43 of 3rd period - Shot Blocked by Moritz Seider.
7:43 of 3rd period - Puck is out of play.
7:44 of 3rd period - Christian Dvorak wins face-off versus Jean-Gabriel Pageau in Tampa Bay Lightning zone.
7:44 of 3rd period - Christian Dvorak is hit by Blake Coleman.
7:55 of 3rd period - Wrist shot by Dylan Cozens.
7:55 of 3rd period - Shot Blocked by Anton Stralman.
8:14 of 3rd period - Alexander Romanov is hit by Ryan Suter and loses puck.
9:18 of 3rd period - Roope Hintz is hit by Erik Gudbranson and loses puck.
10:13 of 3rd period - Snap shot by Christian Dvorak.
10:13 of 3rd period - Shot Misses the Net.
10:20 of 3rd period - Snap shot by Leon Draisaitl.
10:20 of 3rd period - Deflect By Mitch Marner.
10:20 of 3rd period - Shot Misses the Net.
10:20 of 3rd period - Puck is out of play.
10:21 of 3rd period - Ryan Johansen wins face-off versus Anze Kopitar in Tampa Bay Lightning zone.
10:24 of 3rd period - Slapshot by Anders Lee.
10:24 of 3rd period - Shot Misses the Net.
10:30 of 3rd period - Snap shot by Ryan Johansen.
10:30 of 3rd period - Goal by Ryan Johansen - Tampa Bay Lightning : 2 - Pittsburgh Penguins : 3.
10:31 of 3rd period - Leon Draisaitl wins face-off versus Anze Kopitar in neutral zone.
10:43 of 3rd period - Snap shot by Gabriel Landeskog.
10:43 of 3rd period - Deflect By Anze Kopitar.
10:43 of 3rd period - Shot Misses the Net.
10:43 of 3rd period - Puck is out of play.
10:44 of 3rd period - Anze Kopitar wins face-off versus Ryan Johansen in Pittsburgh Penguins zone.
10:45 of 3rd period - Snap shot by Kirill Kaprizov.
10:45 of 3rd period - Stopped by Mike Smith with a rebound.
10:48 of 3rd period - Icing by Ryan Johansen.
10:49 of 3rd period - Ryan Johansen wins face-off versus Anze Kopitar in Pittsburgh Penguins zone.
10:59 of 3rd period - Icing by Anton Stralman.
11:00 of 3rd period - Kirill Kaprizov wins face-off versus Ryan Johansen in Pittsburgh Penguins zone.
11:23 of 3rd period - Slapshot by Ryan Johansen.
11:23 of 3rd period - Stopped by Jeremy Swayman with a rebound.
11:25 of 3rd period - Wrist shot by Ryan Suter.
11:25 of 3rd period - Stopped by Jeremy Swayman with a rebound.
11:27 of 3rd period - Snap shot by Jeff Carter.
11:27 of 3rd period - Stopped by Jeremy Swayman without a rebound.
11:28 of 3rd period - Tomas Hertl wins face-off versus Jean-Gabriel Pageau in Tampa Bay Lightning zone.
12:02 of 3rd period - Wrist shot by Leon Draisaitl.
12:02 of 3rd period - Stopped by Jeremy Swayman without a rebound.
12:03 of 3rd period - Jean-Gabriel Pageau wins face-off versus Tomas Hertl in Tampa Bay Lightning zone.
12:04 of 3rd period - Snap shot by Reilly Smith.
12:04 of 3rd period - Shot Blocked by Tomas Hertl.
12:08 of 3rd period - Snap shot by Blake Coleman.
12:08 of 3rd period - Shot Misses the Net.
12:10 of 3rd period - Wrist shot by Mattias Ekholm.
12:10 of 3rd period - Shot Misses the Net.
12:12 of 3rd period - Snap shot by Jean-Gabriel Pageau.
12:12 of 3rd period - Deflect By Reilly Smith.
12:12 of 3rd period - Stopped by Jeremy Swayman without a rebound.
12:13 of 3rd period - Jean-Gabriel Pageau wins face-off versus Tomas Hertl in Tampa Bay Lightning zone.
12:35 of 3rd period - Minor Penalty to Vladislav Gavrikov for Roughing.
12:36 of 3rd period - Anze Kopitar wins face-off versus Anders Lee in Tampa Bay Lightning zone.
12:40 of 3rd period - Snap shot by Ryan Johansen.
12:40 of 3rd period - Stopped by Jeremy Swayman without a rebound.
12:41 of 3rd period - Anze Kopitar wins face-off versus Ryan Johansen in Tampa Bay Lightning zone.
12:54 of 3rd period - Slapshot by Erik Karlsson.
12:54 of 3rd period - Stopped by Jeremy Swayman without a rebound.
12:55 of 3rd period - Ryan Johansen wins face-off versus Anze Kopitar in Tampa Bay Lightning zone.
13:08 of 3rd period - Snap shot by Anders Lee.
13:08 of 3rd period - Shot Blocked by Alexander Romanov.
13:10 of 3rd period - Slapshot by Erik Karlsson.
13:10 of 3rd period - Shot Blocked by Alexander Romanov.
13:28 of 3rd period - Alexander Romanov is hit by Mitch Marner and loses puck.
14:16 of 3rd period - Snap shot by Lars Eller.
14:16 of 3rd period - Deflect By Kirill Kaprizov.
14:16 of 3rd period - Shot Misses the Net.
14:16 of 3rd period - Puck is out of play.
14:17 of 3rd period - Ryan Johansen wins face-off versus Kirill Kaprizov in Pittsburgh Penguins zone.
14:35 of 3rd period - Penalty to Vladislav Gavrikov is over, Vladislav Gavrikov is back on ice.
14:51 of 3rd period - Slapshot by Reilly Smith.
14:51 of 3rd period - Stopped by Jeremy Swayman with a rebound.
14:53 of 3rd period - Snap shot by Blake Coleman.
14:53 of 3rd period - Stopped by Jeremy Swayman with a rebound.
14:55 of 3rd period - Snap shot by Blake Coleman.
14:55 of 3rd period - Shot Misses the Net.
14:57 of 3rd period - Wrist shot by Jean-Gabriel Pageau.
14:57 of 3rd period - Deflect By Darnell Nurse.
14:57 of 3rd period - Stopped by Jeremy Swayman with a rebound.
15:04 of 3rd period - Icing by Vladislav Gavrikov.
15:05 of 3rd period - Colton Sissons wins face-off versus Tomas Hertl in Tampa Bay Lightning zone.
15:32 of 3rd period - Wrist shot by Anze Kopitar.
15:32 of 3rd period - Stopped by Mike Smith with a rebound.
15:34 of 3rd period - Slapshot by Gabriel Landeskog.
15:34 of 3rd period - Deflect By Kirill Kaprizov.
15:34 of 3rd period - Shot Misses the Net.
15:34 of 3rd period - Puck is out of play.
15:35 of 3rd period - Jean-Gabriel Pageau wins face-off versus Roope Hintz in Pittsburgh Penguins zone.
16:08 of 3rd period - Colton Sissons is hit by Moritz Seider and loses puck.
16:18 of 3rd period - Icing by Mattias Ekholm.
16:19 of 3rd period - Jordan Eberle wins face-off versus Connor Brown in Pittsburgh Penguins zone.
16:28 of 3rd period - Snap shot by Tomas Hertl.
16:28 of 3rd period - Stopped by Mike Smith with a rebound.
16:36 of 3rd period - Wrist shot by Tomas Hertl.
16:36 of 3rd period - Stopped by Mike Smith without a rebound.
16:37 of 3rd period - Colton Sissons wins face-off versus Roope Hintz in Pittsburgh Penguins zone.
16:37 of 3rd period - Colton Sissons is hit by Roope Hintz.
16:45 of 3rd period - Snap shot by Christian Dvorak.
16:45 of 3rd period - Deflect By Roope Hintz.
16:45 of 3rd period - Goal by Roope Hintz - Tampa Bay Lightning : 3 - Pittsburgh Penguins : 3.
16:46 of 3rd period - Jean-Gabriel Pageau wins face-off versus Roope Hintz in neutral zone.
16:48 of 3rd period - Off-side.
16:49 of 3rd period - Jean-Gabriel Pageau wins face-off versus Dylan Cozens in neutral zone.
17:45 of 3rd period - Slapshot by Connor Brown.
17:45 of 3rd period - Shot Blocked by Mitch Marner.
18:00 of 3rd period - Anders Lee is hit by Vladislav Gavrikov and loses puck.
18:04 of 3rd period - T.J. Brodie is hit by Kirill Kaprizov and loses puck.
18:15 of 3rd period - Slapshot by Jean-Gabriel Pageau.
18:15 of 3rd period - Stopped by Jeremy Swayman with a rebound.
18:19 of 3rd period - Snap shot by Blake Coleman.
18:19 of 3rd period - Stopped by Jeremy Swayman without a rebound.
18:20 of 3rd period - Jean-Gabriel Pageau wins face-off versus Roope Hintz in Tampa Bay Lightning zone.
18:45 of 3rd period - Connor Brown is hit by Erik Gudbranson.
19:53 of 3rd period - Minor Penalty to Roope Hintz for Slashing.
19:54 of 3rd period - Ryan Johansen wins face-off versus Anze Kopitar in Tampa Bay Lightning zone.
19:55 of 3rd period - Wrist shot by Anders Lee.
19:55 of 3rd period - Stopped by Jeremy Swayman with a rebound.
19:59 of 3rd period - Snap shot by Ryan Johansen.
19:59 of 3rd period - Stopped by Jeremy Swayman without a rebound.
Goals for this period are 1 for Tampa Bay Lightning vs 1 for Pittsburgh Penguins.
Shots for this period are 9 for Tampa Bay Lightning vs 19 for Pittsburgh Penguins.
Overtime #1
0:01 of 1st overtime period - Tomas Hertl wins face-off versus Leon Draisaitl in neutral zone.
1:53 of 1st overtime period - Penalty to Roope Hintz is over, Roope Hintz is back on ice.
2:03 of 1st overtime period - Slapshot by Moritz Seider.
2:03 of 1st overtime period - Stopped by Mike Smith without a rebound.
2:03 of 1st overtime period - Minor Penalty to Mike Smith for Delaying the game.
2:04 of 1st overtime period - Leon Draisaitl wins face-off versus Anze Kopitar in Pittsburgh Penguins zone.
2:12 of 1st overtime period - Off-side.
2:13 of 1st overtime period - Anze Kopitar wins face-off versus Leon Draisaitl in neutral zone.
2:22 of 1st overtime period - Snap shot by Gabriel Landeskog.
2:22 of 1st overtime period - Shot Misses the Net.
2:46 of 1st overtime period - Slapshot by Erik Karlsson.
2:46 of 1st overtime period - Stopped by Jeremy Swayman without a rebound.
2:47 of 1st overtime period - Leon Draisaitl wins face-off versus Anze Kopitar in Tampa Bay Lightning zone.
2:52 of 1st overtime period - Slapshot by Leon Draisaitl.
2:52 of 1st overtime period - Deflect By Anze Kopitar.
2:52 of 1st overtime period - Shot Misses the Net.
2:52 of 1st overtime period - Puck is out of play.
2:53 of 1st overtime period - Mitch Marner wins face-off versus Anze Kopitar in Tampa Bay Lightning zone.
3:18 of 1st overtime period - Mitch Marner is hit by Gabriel Landeskog and loses puck.
4:03 of 1st overtime period - Penalty to Jean-Gabriel Pageau is over, Jean-Gabriel Pageau is back on ice.
4:07 of 1st overtime period - Snap shot by Jean-Gabriel Pageau.
4:07 of 1st overtime period - Stopped by Jeremy Swayman without a rebound.
4:08 of 1st overtime period - Kirill Kaprizov wins face-off versus Pavel Buchnevich in Tampa Bay Lightning zone.
4:08 of 1st overtime period - Kirill Kaprizov is hit by Pavel Buchnevich.
4:45 of 1st overtime period - Wrist shot by Mitch Marner.
4:45 of 1st overtime period - Shot Misses the Net.
4:47 of 1st overtime period - Slapshot by Anton Stralman.
4:47 of 1st overtime period - Shot Blocked by Vladislav Gavrikov.
Goals for this period are 0 for Tampa Bay Lightning vs 0 for Pittsburgh Penguins.
Shots for this period are 1 for Tampa Bay Lightning vs 2 for Pittsburgh Penguins.
ShootOut
5:00 of 1st overtime period - Round #1.
5:00 of 1st overtime period - Tampa Bay Lightning, Christian Dvorak.
5:00 of 1st overtime period - Wrist shot by Christian Dvorak.
5:00 of 1st overtime period - Shot Misses the Net.
5:00 of 1st overtime period - Pittsburgh Penguins, Leon Draisaitl.
5:00 of 1st overtime period - Snap shot by Leon Draisaitl.
5:00 of 1st overtime period - Shot Misses the Net.
5:00 of 1st overtime period - Round #2.
5:00 of 1st overtime period - Tampa Bay Lightning, Anze Kopitar.
5:00 of 1st overtime period - Backhand shot by Anze Kopitar.
5:00 of 1st overtime period - Stopped by Mike Smith.
5:00 of 1st overtime period - Pittsburgh Penguins, Mitch Marner.
5:00 of 1st overtime period - Wrist shot by Mitch Marner.
5:00 of 1st overtime period - Stopped by Jeremy Swayman.
5:00 of 1st overtime period - Round #3.
5:00 of 1st overtime period - Tampa Bay Lightning, Kirill Kaprizov.
5:00 of 1st overtime period - Backhand shot by Kirill Kaprizov.
5:00 of 1st overtime period - Goal by Kirill Kaprizov.
5:00 of 1st overtime period - Pittsburgh Penguins, Pavel Buchnevich.
5:00 of 1st overtime period - Wrist shot by Pavel Buchnevich.
5:00 of 1st overtime period - Goal by Pavel Buchnevich.
5:00 of 1st overtime period - Round #4.
5:00 of 1st overtime period - Tampa Bay Lightning, Johnny Gaudreau.
5:00 of 1st overtime period - Snap shot by Johnny Gaudreau.
5:00 of 1st overtime period - Goal by Johnny Gaudreau.
5:00 of 1st overtime period - Pittsburgh Penguins, Ryan Johansen.
5:00 of 1st overtime period - Backhand shot by Ryan Johansen.
5:00 of 1st overtime period - Stopped by Jeremy Swayman.
Back to the Top